 Dungeon Crawl Stone Soup version 0.26.1-11-gd32895ea62 (webtiles) character file.

Game seed: 1355790730249166966

10922 nothank2 the Carver (level 12, -3/98 HPs)
             Began as a Formicid Fighter on July 15, 2021.
             Was a High Priest of the Shining One.
             Drowned by a water elemental (7 damage)
             ... on level 11 of the Dungeon.
             The game lasted 00:37:39 (13830 turns).

nothank2 the Carver (Formicid Fighter)             Turns: 13830, Time: 00:37:40

Health: -3/98      AC: 12    Str: 30    XL:     12   Next: 1%
Magic:  0/12       EV: 10    Int: 10    God:    the Shining One [*****.]
Gold:   424        SH: 13    Dex: 10    Spells: 11/11 levels left

rFire    + . .     SeeInvis +   L - +1 scimitar
rCold    . . .     Faith    .   c - +1 kite shield
rNeg     + + .     Spirit   +   b - +0 scale mail
rPois    .         Reflect  .   (helmet unavailable)
rElec    .         Harm     .   (no cloak)
rCorr    .         Rampage  .   f - +2 pair of gloves
Will     +....                  w - +0 pair of boots
Stlth    ..........             j - amulet of guardian spirit
HPRegen  0.26/turn              N - ring of protection from fire
MPRegen  0.13/turn              G - +6 ring of strength

@: mighty, lethally poisoned (-3 -> -27), engulfed (cannot breathe), glowing
A: permanent stasis, dig shafts and tunnels, four strong arms, antennae 3
a: Dig, Shaft Self, Renounce Religion, Divine Shield, Cleansing Flame, Summon
Divine Warrior


You were on level 11 of the Dungeon.
You worshipped the Shining One.
The Shining One was extremely pleased with you.
You visited 2 branches of the dungeon, and saw 15 of its levels.
You also visited: Ossuary.

You collected 683 gold pieces.
You spent 259 gold pieces at shops.

Inventory:

Hand Weapons
 a - a +0 long sword
 A - the +5 flail of Precise Incision {vorpal, +Blink Int+4 Stlth-}
   (You found it on level 6 of the Dungeon)

   It inflicts extra damage upon your enemies.
   It affects your intelligence (+4).
   It lets you blink.
   It makes you less stealthy.
 L - a +1 scimitar (weapon)
 P - the cursed +0 quarterstaff of Circular Logic {vorpal, rF+ Str+3, unknown}
   (You found it on level 11 of the Dungeon)

   It inflicts extra damage upon your enemies.
   It affects your strength (+3).
   It protects you from fire.
   It has a curse placed upon it.
Missiles
 i - 4 curare-tipped darts (quivered)
Armour
 b - a +0 scale mail (worn)
 c - a +1 kite shield (worn)
 f - a +2 pair of gloves (worn)
 w - a +0 pair of boots (worn)
Jewellery
 j - an amulet of guardian spirit (around neck)
 n - an uncursed ring of wizardry
 t - an uncursed ring of wizardry
 B - an uncursed amulet of the acrobat
 G - a +6 ring of strength (right hand)
 I - a cursed amulet of inaccuracy {unknown}
 N - a ring of protection from fire (left hand)
Wands
 m - a wand of disintegration (24)
 q - a wand of acid (6)
 r - a wand of digging (5)
 y - a wand of paralysis (15)
Scrolls
 e - a scroll of immolation
 l - 2 scrolls of magic mapping
 p - 5 scrolls of identify
 v - 2 scrolls of enchant weapon
 x - 3 scrolls of enchant armour
 D - a scroll of blinking {unknown}
 E - a scroll of fog {unknown}
 F - 3 scrolls of remove curse
 H - 2 scrolls of amnesia {unknown}
 J - a scroll of fear
Potions
 d - 5 potions of might
 g - 6 potions of lignification
 h - 7 potions of curing
 k - 5 potions of flight
 o - 3 potions of heal wounds
 s - a potion of magic {unknown}
 u - 2 potions of attraction
 z - a potion of resistance {unknown}
 C - a potion of berserk rage {unknown}
 K - a potion of mutation {unknown}
 M - a potion of cancellation {unknown}
 O - a potion of invisibility {unknown}


   Skills:
 + Level 10.5 Fighting
 * Level 12.8 Long Blades
 + Level 8.0 Armour
 + Level 8.0 Shields


You had 11 spell levels left.
You didn't know any spells.
Your spell library contained the following spells:

 Spells                   Type           Power        Failure   Level
 Animate Skeleton         Necr           0%           65%         1
 Apportation              Tloc           0%           65%         1
 Corona                   Hex            0%           65%         1
 Pain                     Necr           0%           65%         1
 Summon Small Mammal      Summ           0%           65%         1
 Vampiric Draining        Necr           0%           95%         3
 Animate Dead             Necr           0%           100%        4
 Cause Fear               Hex            0%           100%        4
 Agony                    Necr           0%           100%        5
 Silence                  Hex/Air        0%           100%        5
 Yara's Violent Unravell  Hex/Tmut       0%           100%        5
 Discord                  Hex            0%           100%        8


Dungeon Overview and Level Annotations

Branches:
Dungeon (14/15)            Temple (1/1) D:5            Lair (0/6) D:8
Ossuary (visited)
    Orc: D:9-12      Vaults: D:13-14

Altars:
Ashenzari
Cheibriados
Dithmenos
Elyvilon
Fedhas
Gozag
Hepliaklqana
Kikubaaqudgha
Makhleb
Nemelex Xobeh
Okawaru
Qazlal
Ru
Sif Muna
Trog
Uskayaw
Vehumet
Wu Jian
Xom
Yredelemnul
Zin
The Shining One
Jiyva

Shops:
D:7 *[![*   D:10 ?   D:11 =

Annotations:
D:3 3 runed translucent doors, bnorton916's ghost, amateur DECj; unlimited1921's ghost, amateur DgCj
D:5 1 runed translucent door, Ijyb; vvl's ghost, amateur OpFi
D:8 2 transporters, exclusion: oklob plant, ChodeyFoster420's ghost, novice DsBe


Innate Abilities, Weirdness & Mutations

You cannot be hasted, slowed, berserked, paralysed or teleported.
You can dig through walls and to a lower floor.
Your four strong arms can wield two-handed weapons with a shield.
You have a pair of large antennae on your head. (SInv)


Message History

The killer bee is lightly wounded.
You block the killer bee's attack. The killer bee stings you.
You are more poisoned.
The killer bee poisons you!
There is an escape hatch in the ceiling here.
You feel sick. You block the killer bee's attack. The killer bee stings you!
* * * LOW HITPOINT WARNING * * *
You are more poisoned.
The killer bee poisons you!
The killer bee stings you but does no damage.
The killer bee stings you.
* * * LOW HITPOINT WARNING * * *
You are more poisoned.
The killer bee poisons you! The killer bee misses you.
The killer bee stings you but does no damage.
The water elemental hits you!
* * * LOW HITPOINT WARNING * * *
The water elemental engulfs you in water!
A mysterious force pulls you upwards. The hatch slams shut behind you.
You die...

#.....#
#...<.#.........#
#.....#....=....#
###.....#........<#
..#.....#.........#
..'.....#.........#
..#.....#.........#
..#######.......Ey#
..#... ......y@y#
....... ....##+###
....... . ........
..####### ..#.....#
###.....# ..#.....#
..#.....#


You could see a water elemental and 3 killer bees.

Vanquished Creatures
  Josephine (D:10)
  2 two-headed ogres
  Joseph (D:7)
  Maggie (D:9)
  A troll (D:11)
  Prince Ribbit (D:7)
  Sigmund (D:3)
  5 wraiths
  8 yaks
  Menkaure (D:7)
  A water moccasin (D:10)
  Purgy (D:3)
  8 ice beasts
  2 orc warriors (D:9)
  3 sky beasts
  2 phantoms
  A black bear (D:10)
  A necrophage (D:7)
  3 ogres
  3 centaurs
  A big kobold (D:10)
  An elf zombie (Ossuary)
  5 bullfrogs
  A gnoll sergeant (D:6)
  A wyvern zombie (D:9)
  A wyvern skeleton (D:7)
  4 scorpions
  18 killer bees
  2 jellies (D:10)
  5 howler monkeys
  2 centaur zombies (D:8)
  2 centaur skeletons
  4 hounds
  A bullfrog skeleton (D:8)
  5 orc priests
  3 iguanas
  5 orc wizards
  11 worker ants
  A hound zombie (D:8)
  3 mummies (Ossuary)
  A howler monkey zombie (D:9)
  9 gnolls (D:6)
  9 adders
  3 white imps
  6 ufetubi
  2 oozes (D:1)
  An adder zombie (D:8)
  4 worms
  An adder skeleton (D:8)
  4 dart slugs
  4 leopard geckos
  34 orcs
  3 ball pythons
  6 giant cockroaches
  A gnoll zombie (Ossuary)
  4 goblins
  8 hobgoblins
  5 jackals
  6 quokkas
  7 bats
  3 frilled lizards
  5 goblin zombies (Ossuary)
  3 hobgoblin zombies (Ossuary)
  A jackal zombie (D:6)
  10 kobolds
  A kobold zombie (Ossuary)
  A quokka zombie (D:8)
  12 rats
  A rat zombie (D:8)
278 creatures vanquished.

Vanquished Creatures (others)
  3 fungi (D:8)
  A plant (D:8)
  15 toadstools (D:8)
19 creatures vanquished.

Grand Total: 297 creatures vanquished

Notes
Turn   | Place    | Note
-------+----------+-------------------------------------------
     0 | D:1      | nothank2 the Formicid Fighter began the quest for the Orb.
     0 | D:1      | Reached XP level 1. HP: 18/18 MP: 1/1
    53 | D:1      | Reached XP level 2. HP: 17/24 MP: 2/2
   131 | D:1      | Reached XP level 3. HP: 26/30 MP: 3/3
   223 | D:1      | Reached skill level 3 in Long Blades
   772 | D:2      | Reached XP level 4. HP: 37/37 MP: 4/4
  1542 | D:3      | Reached skill level 4 in Long Blades
  1564 | D:3      | Reached XP level 5. HP: 25/42 MP: 3/5
  1857 | D:3      | Found a bloodstained altar of Trog.
  1965 | D:3      | Found a runed translucent gate.
  1965 | D:3      | Found a runed translucent gate.
  1965 | D:3      | Found a runed translucent gate.
  1965 | D:3      | Noticed bnorton916's ghost (amateur DECj)
  1966 | D:3      | Noticed unlimited1921's ghost (amateur DgCj)
  2200 | D:3      | Noticed Purgy
  2206 | D:3      | Noticed Sigmund
  2213 | D:3      | Killed Purgy
  2214 | D:3      | Reached skill level 5 in Fighting
  2214 | D:3      | Reached skill level 5 in Long Blades
  2214 | D:3      | Reached XP level 6. HP: 33/51 MP: 3/6
  2220 | D:3      | Killed Sigmund
  2221 | D:3      | Reached skill level 6 in Long Blades
  2221 | D:3      | Reached XP level 7. HP: 38/56 MP: 4/7
  2670 | D:4      | Found a snail-covered altar of Cheibriados.
  2670 | D:4      | Found an ornate altar of the Wu Jian Council.
  3427 | D:4      | Found a shimmering blue altar of Sif Muna.
  3577 | D:5      | Entered Level 5 of the Dungeon
  3593 | D:5      | Reached skill level 7 in Long Blades
  3593 | D:5      | Reached XP level 8. HP: 27/64 MP: 2/8
  4623 | D:5      | Found a runed translucent door.
  4624 | D:5      | Noticed vvl's ghost (amateur OpFi)
  4854 | D:5      | Reached skill level 8 in Long Blades
  5046 | D:5      | Found a staircase to the Ecumenical Temple.
  5052 | Temple   | Entered the Ecumenical Temple
  5183 | Temple   | Became a worshipper of the Shining One
  5346 | D:5      | Noticed Ijyb
  5877 | D:6      | Got a shimmering flail
  5894 | D:6      | Identified the +5 flail of Precise Incision {vorpal, +Blink
                  | Int+4 Stlth-} (You found it on level 6 of the Dungeon)
  6066 | D:6      | Reached XP level 9. HP: 68/72 MP: 9/9
  6960 | D:6      | Reached skill level 9 in Long Blades
  7441 | D:7      | Found Yxkiczig's Serpentskin Sales.
  7454 | D:7      | Bought 7 curare-tipped darts for 42 gold pieces
  7542 | D:7      | Reached * piety under the Shining One
  7812 | D:7      | Found Ymauttof's Distillery.
  7835 | D:7      | Found Qobil's Antique Armour Boutique.
  7880 | D:7      | Bought a pair of glowing gloves for 217 gold pieces
  8023 | D:7      | Found Heugraohej's Armour Emporium.
  8094 | D:7      | Noticed Joseph
  8122 | D:7      | Killed Joseph
  8123 | D:7      | Reached skill level 10 in Long Blades
  8474 | D:7      | Noticed Menkaure
  8484 | D:7      | Killed Menkaure
  8485 | D:7      | Reached skill level 5 in Shields
  8485 | D:7      | Reached XP level 10. HP: 72/82 MP: 8/10
  8701 | D:7      | Found Zuhuwuwn's General Store.
  9066 | D:7      | Noticed Prince Ribbit
  9073 | D:7      | Killed Prince Ribbit
  9256 | D:8      | Found a sand-covered staircase.
  9276 | Ossuary  | Entered an ossuary
  9289 | Ossuary  | Reached ** piety under the Shining One
  9354 | Ossuary  | Reached skill level 5 in Armour
  9860 | D:8      | Reached *** piety under the Shining One
 10000 | D:8      | Found a staircase to the Lair.
 10226 | D:8      | Reached skill level 11 in Long Blades
 10364 | D:8      | Found a basalt altar of Yredelemnul.
 10364 | D:8      | Found a glowing silver altar of Zin.
 10366 | D:8      | Found a burning altar of Makhleb.
 10378 | D:8      | Found a shadowy altar of Dithmenos.
 10396 | D:8      | Found a blossoming altar of Fedhas.
 10407 | D:8      | Noticed an oklob plant
 10615 | D:8      | Found a hazy altar of Hepliaklqana.
 10768 | D:8      | Found a transporter.
 10768 | D:8      | Noticed ChodeyFoster420's ghost (novice DsBe)
 10771 | D:8      | Noticed a moth of wrath
 10784 | D:8      | Found a transporter.
 10914 | D:8      | Found a hide-covered altar of Uskayaw.
 11104 | D:9      | Found a blossoming altar of Fedhas.
 11479 | D:9      | Reached **** piety under the Shining One
 11657 | D:9      | Noticed Maggie
 11690 | D:9      | Killed Maggie
 12003 | D:9      | Reached XP level 11. HP: 85/89 MP: 8/11
 12323 | D:10     | Entered Level 10 of the Dungeon
 12417 | D:10     | Reached skill level 12 in Long Blades
 12584 | D:10     | Found a radiant altar of Vehumet.
 12744 | D:10     | Noticed Josephine
 12745 | D:10     | Noticed a two-headed ogre
 12753 | D:10     | Reached skill level 10 in Fighting
 12759 | D:10     | Killed a two-headed ogre
 12774 | D:10     | Killed Josephine
 12871 | D:10     | Found Loconaela's Magic Scroll Boutique.
 13281 | D:10     | Found a basalt altar of Yredelemnul.
 13595 | D:11     | Got an iridescent quarterstaff
 13761 | D:11     | Found Veic's Jewellery Shop.
 13785 | D:11     | You fall into a shaft and drop 3 floors!
 13788 | D:14     | Noticed a two-headed ogre
 13796 | D:14     | Killed a two-headed ogre
 13807 | D:13     | Noticed a tengu warrior
 13808 | D:13     | Noticed a cyclops
 13809 | D:13     | Noticed an ogre mage
 13810 | D:13     | Reached ***** piety under the Shining One
 13817 | D:12     | Noticed a boulder beetle
 13826 | D:12     | Reached XP level 12. HP: 38/98 MP: 7/12
 13829 | D:12     | HP: 4/98 [water elemental (10)]
 13830 | D:11     | Drowned by a water elemental

Illustrated notes

Levels and vault maps discovered:
D:1:      onia_arrival_handbag, layout_rooms
D:2:      layout_basic
D:3:      layout_rooms, marbit_many_paths, gammafunk_ghost_cemetery,
          uniq_sigmund, uniq_purgy
D:4:      layout_basic, kennysheep_mini, grunt_temple_overflow_open,
          minmay_stone_trees_medium, kennysheep_generic_room_2
D:5:      layout_basic, temple_green, gammafunk_ghost_grave, uniq_ijyb
D:6:      layout_basic
D:7:      layout_basic, serial_shops, shop, kennysheep_little_box,
          nicolae_shop_competitors_out_of_business, shop, guppyfry_shop_venom,
          uniq_menkaure, uniq_prince_ribbit1, uniq_joseph
D:8:      minmay_distorted_concentric_squares, layout_gridville,
          lemuel_coloured_pillars_altar, nicolae_overflow_quartered_altars,
          nzn_hepliaklqana_mist_gate, dpeg_oklobed_lair,
          gammafunk_ghost_berserking_beasts, enter_ossuary_4, tgw_fedhas
D:9:      layout_irregular_city, nicolae_overflow_hidden_temple, uniq_maggie
D:10:     layout_irregular_city, serial_shops, kennysheep_mini_moat,
          hangedman_feature_mirror, uniq_josephine
D:11:     layout_grid_maze, serial_shops, shop
D:12:     layout_cave_pools, hiddenorc1_lemuel, serial_shops, shop,
          serial_bayou_pond_b, uniq_psyche, uniq_kirke
D:13:     layout_layer_cave, jmf_multi_god_temple2, uniq_azrael
D:14:     layout_roguey, hangedman_vaults_entry_quadrant_bands,
          chequers_serial_rivers_small_3, enter_trove_1, basic_altar,
          kennysheep_nub, uniq_louise
Temple:   pf_slime_end_temple

Skill      XL: |  1  2  3  4  5  6  7  8  9 10 11 12 |
---------------+-------------------------------------+-----
Long Blades    | 3 4 5 6 7 8 10 11 12 | 12.8
Fighting       | 4 5 6 7 8 9 10 | 10.5
Shields        | 5 6 8 |  8.0
Armour         | 4 6 7 8 |  8.0

Action                   |  1- 3 |  4- 6 |  7- 9 | 10-12 || total
-------------------------+-------+-------+-------+-------++-------
Melee: Long sword        |    76 |   143 |   333 |   308 ||   860
       Flail             |       |       |    31 |       ||    31
       Scimitar          |       |       |       |   161 ||   161
Throw: Dart              |     1 |     2 |    43 |    41 ||    87
  Use: Scroll            |       |       |    13 |     2 ||    15
       Potion            |       |       |       |     1 ||     1
Armor: Scale mail        |    33 |    49 |   115 |   147 ||   344
Dodge: Dodged            |    21 |    57 |   124 |   134 ||   336
Block: Kite shield       |    42 |    85 |   189 |   196 ||   512
       Rpst.: Long sword |     8 |    20 |    28 |    27 ||    83
       Scimitar          |       |       |       |    20 ||    20
